 Dungeon Crawl Stone Soup version 0.27.1-3-gb3d3a73c9e (webtiles) character file.

Game seed: 18132602426286326197

66 Crownlay the Conjurer (level 3, 0/26 HPs)
             Began as a Draconian Conjurer on Oct 21, 2021.
             Slain by an orc (2 damage)
             ... on level 3 of the Dungeon.
             The game lasted 00:03:10 (2515 turns).

Crownlay the Conjurer (Draconian Conjurer)          Turns: 2515, Time: 00:03:10

Health: 0/26       AC:  5    Str:  9    XL:     3   Next: 96%
Magic:  2/7        EV: 12    Int: 19    God:
Gold:   24         SH:  0    Dex:  9    Spells: 5/8 levels left

rFire    . . .     SeeInvis .   e - +0 dagger (speed)
rCold    . . .     Faith    .   (no shield)
rNeg     . . .     Spirit   .   (armour unavailable)
rPois    +         Reflect  .   (helmet restricted)
rElec    .         Harm     .   (no cloak)
rCorr    +         Rampage  .   (no gloves)
Will     .....                  (no boots)
Stlth    ++........             (no amulet)
HPRegen  0.08/turn              d - ring of resist corrosion
MPRegen  0.10/turn              i - ring of poison resistance

@: no status effects
A: AC +5, unfitting armour, cold-blooded
a: no special abilities


You were on level 3 of the Dungeon.
You visited 1 branch of the dungeon, and saw 3 of its levels.

You collected 24 gold pieces.

Inventory:

Hand Weapons
 e - a +0 dagger of speed (weapon)
Jewellery
 d - a ring of resist corrosion (left hand)
 i - a ring of poison resistance (right hand)
Scrolls
 b - a scroll of identify {unknown}
 c - a scroll of magic mapping {unknown}
 f - a scroll of fear {unknown}
 g - a scroll of summoning {unknown}
 h - a scroll of enchant weapon {unknown}
Potions
 a - a potion of invisibility {unknown}


   Skills:
 - Level 1.7 Dodging
 - Level 1.7 Stealth
 + Level 3.1 Spellcasting
 * Level 4.8 Conjurations


You had 5 spell levels left.
You knew the following spells:

 Your Spells              Type           Power      Damage    Failure   Level
a - Magic Dart            Conj           84%        1d7       1%          1
b - Searing Ray           Conj           42%        3d4       3%          2

Your spell library contained the following spells:

 Spells                   Type           Power      Damage    Failure   Level
 Dazzling Flash           Conj/Hex       24%        N/A       17%         3
 Fulminant Prism          Conj/Hex       6%         3d7       50%         4
 Iskenderun's Mystic Bla  Conj/Tloc      12%        2d5       50%         4


Dungeon Overview and Level Annotations

Branches:
Dungeon (3/15)

Altars:
Elyvilon


Innate Abilities, Weirdness & Mutations

Your plain brown scales are hard. (AC +5)
You cannot fit into any form of body armour.
You are cold-blooded and may be slowed by cold attacks.


Message History

An orc comes into view. It is wielding a +0 whip.
The magic dart hits the orc wizard but does no damage.
The orc wizard is heavily wounded.
The magic dart hits the orc wizard but does no damage.
The orc wizard is heavily wounded.
The magic dart hits the orc wizard but does no damage.
The orc wizard is heavily wounded.
The bat hits you but does no damage.
An orc comes into view. It is wielding a +0 club.
The bat barely misses you. The orc wizard casts a spell at you.
The puff of flame hits you!
Ouch! That really hurt!
The bat misses you.
Casting: Magic Dart (safe; 1% risk of failure)
Confirm with . or Enter, or press ? or * to list all spells.
You don't have enough magic to cast this spell.
The bat completely misses you.
The orc wizard gestures at you while chanting.
You are confused.
The orc shouts!
You bump into the rock wall.
The bat barely misses you. The bat hits you but does no damage.
The orc wizard points at you and mumbles some strange words.
The magic dart hits you. The orc hits you but does no damage.
The orc wizard gestures wildly while chanting.
The orc wizard flickers and vanishes!
Deactivating autopickup; reactivate with Ctrl-A.
You barely miss the bat. The bat hits you but does no damage.
The orc misses you. Something hits you.
* * * LOW HITPOINT WARNING * * *
The bat hits you but does no damage. The bat barely misses you.
The bat hits you but does no damage. x2; Something hits you.
* * * LOW HITPOINT WARNING * * *
You bump into the stone wall.
You feel less confused. The bat closely misses you.
The orc hits you with a +0 club.
You die...

###############
###########.............#
.........##.#.#.#.#.#.#.####
.........##.................
.........##...⌠.....⌠.......
...........b....._..........
...........o..⌠.....⌠.......
..........o@................
............#.#.#.#.#.#.....
............................
.............#.....##.......
#..................# ######
.....#......(......#########
#....#...............#......
#.............#.#.#####
#...#####.....#.......#


You could see 2 orcs and a bat.

Vanquished Creatures
  An adder (D:2)
  A worm (D:3)
  5 ball pythons
  8 endoplasms
  3 giant cockroaches
  7 goblins
  6 hobgoblins
  5 kobolds
  2 quokkas
  3 bats
  2 frilled lizards (D:2)
  5 rats
48 creatures vanquished.

Notes
Turn   | Place    | Note
-------+----------+-------------------------------------------
     0 | D:1      | Crownlay the Draconian Conjurer began the quest for the
                  | Orb.
     0 | D:1      | Reached XP level 1. HP: 14/14 MP: 3/3
   174 | D:1      | Found a faded altar of an unknown god.
   229 | D:1      | Reached XP level 2. HP: 20/20 MP: 0/5
   996 | D:2      | Reached XP level 3. HP: 26/26 MP: 0/7
  1293 | D:2      | Learned a level 2 spell: Searing Ray
  2478 | D:3      | Found a white marble altar of Elyvilon.
  2515 | D:3      | Slain by an orc

Illustrated notes

Levels and vault maps discovered:
D:1:      lightli_arrival_maybe_door_vault, layout_loops_ring,
          hellmonk_ecumenical_altar_heavens_door, hangedman_feature_mirror
D:2:      layout_loops_corners, minmay_strange_pillars, grunt_ministairs_13
D:3:      layout_basic, elyvilon_altar_5

Skill      XL: |  1  2  3 |
---------------+----------+-----
Spellcasting   | 3 |  3.1
Dodging        | |  1.7
Stealth        | |  1.7
Conjurations   | |  4.8

Action                   || total
-------------------------++-------
Melee: Dagger            ||    30
       Tailslap          ||     5
 Cast: Magic Dart        ||    89
Armor: Skin              ||    12
Dodge: Dodged            ||    30
